 Dungeon Crawl Stone Soup version 0.23-a0-550-g7de1f8e (webtiles) character file.

19 Lavandula the Sneak (level 2, -1/17 HPs)
             Began as a Halfling Enchanter on Dec 8, 2018.
             Slain by a giant cockroach (2 damage)
             ... on level 1 of the Dungeon.
             The game lasted 00:01:28 (458 turns).

Lavandula the Sneak (Halfling Enchanter)             Turns: 458, Time: 00:01:29

Health: -1/17      AC:  2    Str:  9    XL:     2   Next: 95%
Magic:  3/4        EV: 15    Int: 13    God:
Gold:   43         SH:  0    Dex: 14    Spells: 1/4 levels left

rFire    . . .     SeeInvis .   a - +1 dagger
rCold    . . .     Gourm    .   (shield restricted)
rNeg     . . .     Faith    .   b - +0 robe
rPois    .         Spirit   .   (no helmet)
rElec    .         Reflect  .   (no cloak)
rCorr    .         Harm     .   (no gloves)
MR       .....                  (no boots)
Stlth    ++........             (no amulet)
HPRegen  0.05/turn              (no ring)
MPRegen  0.09/turn              (no ring)

@: no status effects
A: small, mutation resistance 1
a: no special abilities


You were on level 1 of the Dungeon.
You were not hungry.

You visited 1 branch of the dungeon, and saw 2 of its levels.

You collected 43 gold pieces.

Inventory:

Hand Weapons
 a - a +1 dagger (weapon)
Armour
 b - a +0 robe (worn)
Scrolls
 e - a scroll of fog {unknown}
 g - 3 scrolls of amnesia {unknown}
Potions
 c - a potion of flight {unknown}
 f - a potion of agility {unknown}
Comestibles
 d - 3 rations


   Skills:
 + Level 3.2 Short Blades
 - Level 2.1 Dodging
 - Level 3.2 Stealth
 - Level 1.5 Spellcasting
 - Level 2.4 Hexes


You had one spell level left.
You knew the following spells:

 Your Spells              Type           Power        Failure   Level  Hunger
a - Corona                Hex            #......      10%         1    ##.....
b - Ensorcelled Hibernat  Hex/Ice        #.....       24%         2    ###....

Your spell library contained the following spells:

 Spells                   Type           Power        Failure   Level  Hunger
 Confuse                  Hex            #.......     30%         3    ####...
 Tukima's Dance           Hex            #.......     30%         3    ####...
 Dazzling Spray           Conj/Hex       #.....       43%         3    ####...


Dungeon Overview and Level Annotations

Branches:
Dungeon (2/15)

Altars:
Elyvilon

Annotations:
D:2 exclusion: adder


Innate Abilities, Weirdness & Mutations

You are small and have problems with some larger weapons.
You are somewhat resistant to further mutation.


Message History

The giant cockroach is severely wounded.
The giant cockroach bites you but does no damage.
The giant cockroach bites you.
* * * LOW HITPOINT WARNING * * *
You hit the giant cockroach but do no damage.
The giant cockroach is severely wounded.
You hit the giant cockroach but do no damage.
The giant cockroach is severely wounded.
The giant cockroach closely misses you. The giant cockroach bites you.
* * * LOW HITPOINT WARNING * * *
You closely miss the giant cockroach.
The giant cockroach is severely wounded.
The giant cockroach misses you.
You hit the giant cockroach but do no damage.
The giant cockroach is severely wounded.
The giant cockroach bites you but does no damage.
You barely miss the giant cockroach.
The giant cockroach is severely wounded.
The giant cockroach bites you.
You die...

#.#####.....##
#......#...#..
######.#..#..#.#..#
####.........##..#..##
#........#######...###
#........# #####..
###........# #..
#........### #..
.......@.# #### #..
#......s.###.... ###
#......)........
#......(.......
#............## ##
######.(.....# #.
#.(.....####### #.
###'####......# #. #.#
#......# #.


You could see a giant cockroach.

Vanquished Creatures
  An adder (D:2)
  A dart slug (D:2)
  A leopard gecko (D:2)
  A goblin (D:2)
  A hobgoblin (D:2)
  2 kobolds
  A frilled lizard (D:2)
8 creatures vanquished.

Notes
Turn   | Place    | Note
-------+----------+-------------------------------------------
     0 | D:1      | Lavandula the Halfling Enchanter began the quest for the
                  | Orb.
     0 | D:1      | Reached XP level 1. HP: 11/11 MP: 3/3
   259 | D:2      | Found a white marble altar of Elyvilon.
   287 | D:2      | Reached XP level 2. HP: 13/17 MP: 2/4
   291 | D:2      | Learned a level 2 spell: Ensorcelled Hibernation
   458 | D:1      | Slain by a giant cockroach

Vault maps used:
D:1:      scummos_arrival_star
D:2:      elyvilon_altar_1, nicolae_overflow_crystal_walls, marbit_many_paths,
          chequers_jeans

Skill      XL: |  1  2 |
---------------+-------+-----
Short Blades   | 2 3 |  3.2
Dodging        | |  2.1
Stealth        | |  3.2
Spellcasting   | |  1.5
Hexes          | |  2.4

Action                   || total
-------------------------++-------
Melee: Dagger            ||    36
 Cast: Corona            ||     2
       Ensorcelled Hiber ||     4
 Stab: Sleeping          ||     4
Armor: Robe              ||     7
Dodge: Dodged            ||    28

Table legend:
 A = Non-vault XP
 B = Vault XP
 C = Vault XP percentage of total XP
 D = Non-vault monster count
 E = Vault monster count
 F = Vault count percentage of total count
                 A         B        C        D         E       F
            +---------+---------+-------+---------+---------+-------
      Total |      28 |       0 |   0.0 |       8 |       0 |   0.0
            +---------+---------+-------+---------+---------+-------
        D:1 |       2 |       0 |   0.0 |       1 |       0 |   0.0
        D:2 |      26 |       0 |   0.0 |       7 |       0 |   0.0
            +---------+---------+-------+---------+---------+-------
